Cogmind - Beta 13 @@@ ROGUE MODE // 2024.05.15 @ 00:49:14 Player: GayPredator Result: Self-destructed Performance ------------- Evolutions (2) 1000 Regions Visited (5) 1000 Robots Destroyed (11) 55 Value Destroyed (176) 176 Prototype IDs (3) 60 Alien Tech Used (0) 0 Bonus (300) 300 TOTAL SCORE: 2591 Bonus ------- Aligned with FarCom 300 Cogmind --------- Core Integrity 550/550 Matter 246/300 Energy 275/275 System Corruption 0% Temperature Cool (0) Movement Rolling (175) Ox5 Location -8/Materials Parts ------- > --- POWER (1) -------- Deuterium Engine > --- PROPULSION (3) --- Light Treads Compact Wheel > --- UTILITY (4) ------ Large Storage Unit Structural Scanner Targeting Computer Improved Light Armor Plating > --- WEAPON (3) ------- AWS/Autocannon > --- INVENTORY (15) --- Light Ion Engine Heat Sink Assault Rifle Light Cannon Grenade Launcher Plasma Cutter Peak State ------------ > --- POWER ------------ Deuterium Engine > --- PROPULSION ------- Light Treads Compact Wheel Compact Wheel > --- UTILITY ---------- Large Storage Unit Structural Scanner Targeting Computer Improved Light Armor Plating > --- WEAPON ----------- AWS/Autocannon > --- INVENTORY -------- Ion Engine Light Ion Engine Heat Sink Assault Rifle Light Cannon Grenade Launcher Plasma Cutter [Rating: 42] Favorites ----------- Power Ion Engine Engine Ion Engine Propulsion Light Treads Treads Light Treads Wheel Compact Wheel Utility Medium Storage Unit Device Structural Scanner Storage Medium Storage Unit Processor Targeting Computer Protection Improved Light Armor Plating Weapon Light Cannon Ballistic Gun Assault Rifle Ballistic Cannon Light Cannon Launcher Grenade Launcher Build | -11 -10 -10 -10 -9 -8 ------- Run | Yrd Mat Min Exi Min Mat Slots Evolved 4 | . . . . . 4 Power . | . . . . . . Propulsion 1 | . . . . . 1 Utility 2 | . . . . . 2 Weapon 1 | . . . . . 1 Parts Attached 24 | 7 5 3 3 1 5 Power 3 | 1 1 . . . 1 Engine 3 | 1 1 . . . 1 Core . | . . . . . . Reactor . | . . . . . . Propulsion 5 | 2 . . 2 . 1 Treads 3 | 2 . . . . 1 Leg . | . . . . . . Wheel 2 | . . . 2 . . Hover . | . . . . . . Flight . | . . . . . . Utility 8 | 2 2 1 1 . 2 Device 3 | 1 1 . . . 1 Storage 3 | 1 1 . 1 . . Processor 1 | . . 1 . . . Hackware . | . . . . . . Protection 1 | . . . . . 1 Artifact . | . . . . . . Weapon 8 | 2 2 2 . 1 1 Energy Gun . | . . . . . . Energy Cannon . | . . . . . . Ballistic Gun 3 | 2 . 1 . . . Ballistic Cannon 4 | . 2 1 . . 1 Launcher 1 | . . . . 1 . Special Weapon . | . . . . . . Impact Weapon . | . . . . . . Slashing Weapon . | . . . . . . Piercing Weapon . | . . . . . . Special Melee Weapon . | . . . . . . Unidentified Prototypes 1 | . . . . . 1 Parts Lost 4 | . . 3 . . 1 Power . | . . . . . . Propulsion 2 | . . 1 . . 1 Utility . | . . . . . . Weapon 2 | . . 2 . . . Highest Loss Streak 3 | . . 3 . . 1 To Critical Strikes . | . . . . . . Average Slot Usage (%) 93 | . 100 97 86 100 72 Engine 13 | . 14 14 14 14 9 Treads 20 | . 28 25 12 . 7 Wheel 2 | . . . 2 28 16 Device 6 | . 14 6 . . 7 Storage 13 | . 14 14 14 14 9 Processor 7 | . . 7 14 14 9 Ballistic Gun 6 | . 4 2 14 . . Ballistic Cannon 19 | . 23 25 14 14 9 Naked Turns . | . . . . . . Heaviest Build 93 | 12 22 22 30 31 93 Greatest Support 40 | 40 40 40 32 32 32 Greatest Overweight (x) 5 | . . . . . 5 Average Overweight (x) . | . . . . . 2 Largest Inventory Capacity 15 | 8 10 10 15 15 15 Average Capacity 10 | 6 9 10 10 15 15 Most Carried 11 | 3 10 10 10 9 11 Average Carried 7 | 2 7 9 8 9 6 Final Capacity 15 | 8 10 10 15 15 15 Final Carried 10 | 3 10 8 9 9 6 Class Distribution -------------------- 98% | Mutant Dominant Class ---------------- Mutant | -10/Materials Mutant | -10/Mines Mutant | -10/Exiles Mutant | -9/Mines Skirmisher | -8/Materials Resources | -11 -10 -10 -10 -9 -8 ----------- Run | Yrd Mat Min Exi Min Mat Matter Collected 557 | 265 84 38 139 5 26 Remotely . | . . . . . . Salvage Created 136 | 11 . 72 . 37 16 Parts 12 | 2 . 1 . 9 . Haulers Intercepted . | . . . . . . Recyclers Shooed . | . . . . . . Parts Field Recycled . | . . . . . . Retrieved Matter . | . . . . . . Parts Self-Destructed . | . . . . . . Prevented . | . . . . . . Kills | -11 -10 -10 -10 -9 -8 ------- Run | Yrd Mat Min Exi Min Mat Combat Hostiles Destroyed 8 | . . 4 . 3 1 Guns 1 | . . 1 . . . Cannons 4 | . . 3 . . 1 AOE 3 | . . . . 3 . Classes Destroyed 5 | 1 . 2 . 1 1 Worker 2 | . . . . 2 . Tunneler 1 | 1 . . . . . Swarmer 4 | . . 1 . 3 . Grunt 2 | . . 2 . . . Sentry 1 | . . . . . 1 Best Kill Streak 5 | 1 . 2 . 5 1 Combat Bots Only 3 | . . 2 . 3 1 Max Kills in Single Turn 3 | 1 . 1 . 3 1 Gunslinging . | . . . . . . Exploded 2 | . . . . 2 . Melee . | . . . . . . Uniques/NPCs Destroyed 1 | . . 1 . . . YI-UF0 (-10/Mines) Combat | -11 -10 -10 -10 -9 -8 -------- Run | Yrd Mat Min Exi Min Mat Hostile Shots Fired 42 | . . 33 . 3 6 Missed 17 | . . 14 . 1 2 Damage Taken 674 | . . 588 . 26 60 Core 95 | . . 93 . 2 . Absorbed by Shields . | . . . . . . Core Remaining (%) 81 | 100 . . . 62 . Volleys Fired 31 | 11 . 17 . 3 . Largest 2 | 2 . 2 . 1 . Hottest 70 | 40 . 70 . 30 . Shots Fired 61 | 22 . 31 . 3 5 Gun 24 | 22 . 2 . . . Cannon 34 | . . 29 . . 5 Launcher 3 | . . . . 3 . Special . | . . . . . . Kinetic 58 | 22 . 31 . . 5 Thermal . | . . . . . . Explosive 3 | . . . . 3 . Electromagnetic . | . . . . . . Robot Hit Streak 11 | 5 . 5 . 6 11 Robot Miss Streak 4 | 4 . 2 . . . Penetration Max . | . . . . . . Secondary Targets . | . . . . . . Autonomous 5 | . . . . . 5 Shots Hit Robots 37 | 12 . 18 . 2 5 Core Hits 16 | 2 . 7 . 6 1 Critical Kills . | . . . . . . Critical Parts Destroyed . | . . . . . . Critical Strikes 1 | . . 1 . . . Blast 1 | . . 1 . . . Melee Attacks . | . . . . . . Impact . | . . . . . . Slashing . | . . . . . . Piercing . | . . . . . . Sneak Attacks . | . . . . . . Combat Hostiles . | . . . . . . Follow-up Attacks . | . . . . . . Damage Inflicted 935 | 143 2 302 . 157 331 Guns 169 | 143 . 26 . . . Cannons 599 | . . 268 . . 331 Explosions 157 | . . . . 157 . Melee . | . . . . . . Ramming 10 | . 2 8 . . . Kinetic 768 | 143 . 294 . . 331 Thermal . | . . . . . . Explosive 157 | . . . . 157 . Electromagnetic . | . . . . . . Impact . | . . . . . . Slashing . | . . . . . . Piercing . | . . . . . . Highest Corruption . | . . . . . . Average Corruption . | . . . . . . Corruption Purged . | . . . . . . Corruption Blocked . | . . . . . . Overload Shots . | . . . . . . Overflow Damage 49 | . . . . . 49 Projectiles 49 | . . . . . 49 Explosions . | . . . . . . Melee . | . . . . . . Knockbacks 5 | . . 5 . . . Impact . | . . . . . . Kinetic 5 | . . 5 . . . Secondary . | . . . . . . Self-Inflicted Damage 8 | . . . . 8 . Shots 1 | . . . . 1 . Rammed 3 | . 1 2 . . . Targets Rammed 3 | . 1 2 . . . Kicked . | . . . . . . Crushed . | . . . . . . Highest Temperature 69 | . . 69 . . . Average Temperature 22 | . . 22 . . . Received Heat Transfer 42 | . . 24 . . 18 Siege Activations . | . . . . . . Robots Corrupted . | . . . . . . Combat Hostiles . | . . . . . . Parts Fried . | . . . . . . Impact Corruptions . | . . . . . . Robots Melted . | . . . . . . Combat Hostiles . | . . . . . . Parts Melted . | . . . . . . Heat Transferred . | . . . . . . Parts Sabotaged . | . . . . . . Parts Stolen . | . . . . . . Parts Stripped . | . . . . . . Power Chain Reactions . | . . . . . . Alert | -11 -10 -10 -10 -9 -8 ------- Run | Yrd Mat Min Exi Min Mat Peak Influence 105 | 5 46 105 . 92 71 Initial 35 | . 3 5 . . 35 Average 25 | 1 16 41 . 43 45 Maximum Alert Level . | . . . . . . Low Security (%) 100 | 100 100 100 . 100 100 Level 1 . | . . . . . . Level 2 . | . . . . . . Level 3 . | . . . . . . Level 4 . | . . . . . . Level 5 . | . . . . . . High Security . | . . . . . . Max Security . | . . . . . . Squads Dispatched . | . . . . . . Investigation . | . . . . . . Extermination . | . . . . . . Reinforcement . | . . . . . . Assault . | . . . . . . Garrison . | . . . . . . Intercept . | . . . . . . Searches Triggered . | . . . . . . Construction Impeded . | . . . . . . Haulers Reinforced . | . . . . . . Active Scanning Responses . | . . . . . . Cargo Convoy Interrupts . | . . . . . . Stealth | -11 -10 -10 -10 -9 -8 --------- Run | Yrd Mat Min Exi Min Mat Distress Signals 1 | . . 1 . . . Communications Jammed . | . . . . . . Distress Signals . | . . . . . . Times Spotted 13 | . 2 7 . 3 1 Peak Tracking Total 3 | . 1 3 . 1 1 Tactical Retreats 3 | . 2 1 . . . Traps | -11 -10 -10 -10 -9 -8 ------- Run | Yrd Mat Min Exi Min Mat Traps Triggered . | . . . . . . Indirectly . | . . . . . . Trap Hack Attempts . | . . . . . . Triggered . | . . . . . . Disarmed . | . . . . . . Reprogrammed . | . . . . . . Reused . | . . . . . . Traps Extracted . | . . . . . . Installed . | . . . . . . Triggered . | . . . . . . Machines | -11 -10 -10 -10 -9 -8 ---------- Run | Yrd Mat Min Exi Min Mat Machines Disabled . | . . . . . . Max in Single Turn . | . . . . . . Machines Repaired . | . . . . . . Machines Dismantled . | . . . . . . Machines Sabotaged . | . . . . . . Overloaded Fab Kills . | . . . . . . Hacking | -11 -10 -10 -10 -9 -8 --------- Run | Yrd Mat Min Exi Min Mat Machines Accessed 6 | . 5 . 1 . . Terminals 5 | . 5 . . . . Fabricators . | . . . . . . Repair Stations . | . . . . . . Recycling Units . | . . . . . . Scanalyzers . | . . . . . . Garrison Access . | . . . . . . Total Hacks 19 | . 18 . 1 . . Successful 9 | . 8 . 1 . . Failed 10 | . 10 . . . . Catastrophic 1 | . 1 . . . . Database Lockouts . | . . . . . . Manual 11 | . 10 . 1 . . Terminals 18 | . 18 . . . . Fabricators . | . . . . . . Repair Stations . | . . . . . . Recycling Units . | . . . . . . Scanalyzers . | . . . . . . Garrison Access . | . . . . . . Terminal Hacks 6 | . 5 . 1 . . Record 1 | . . . 1 . . Prototype ID Bank 1 | . 1 . . . . Branch Access Points 1 | . 1 . . . . Locate Traps 1 | . 1 . . . . Zone Layout 2 | . 2 . . . . Fabricator Hacks . | . . . . . . Repair Station Hacks . | . . . . . . Recycling Unit Hacks . | . . . . . . Scanalyzer . | . . . . . . Garrison Access Hacks . | . . . . . . Unauthorized Hacks 3 | . 3 . . . . Terminals 3 | . 3 . . . . Botnet 2 | . 2 . . . . Operators 1 | . 1 . . . . Fabricators . | . . . . . . Repair Stations . | . . . . . . Recycling Units . | . . . . . . Scanalyzers . | . . . . . . Garrison Access . | . . . . . . Data Cores Recovered . | . . . . . . Used . | . . . . . . Hacking Detections 5 | . 5 . . . . Full Trace Events . | . . . . . . Feedback Events . | . . . . . . Feedback Blocked . | . . . . . . Robot Schematics Acquired . | . . . . . . Robots Built . | . . . . . . Authchips . | . . . . . . Time . | . . . . . . Total Robot Build Rating . | . . . . . . Part Schematics Acquired . | . . . . . . Parts Built . | . . . . . . Authchips . | . . . . . . Time . | . . . . . . Total Part Build Rating . | . . . . . . Parts Repaired . | . . . . . . Time . | . . . . . . Parts Recycled . | . . . . . . Recycled Matter . | . . . . . . Retrieved Matter . | . . . . . . Retrieved Components . | . . . . . . Parts Scanalyzed . | . . . . . . Part Schematics Acquired . | . . . . . . Parts Damaged . | . . . . . . Bothacking | -11 -10 -10 -10 -9 -8 ------------ Run | Yrd Mat Min Exi Min Mat Used RIF Installer . | . . . . . . Robots Hacked . | . . . . . . Non-combat . | . . . . . . Combat . | . . . . . . Robot Hacks Applied . | . . . . . . Relay Couplers Released . | . . . . . . Fabnet Peak Effective % . | . . . . . . Robots Rewired . | . . . . . . Allies Hacked . | . . . . . . Hacks Repelled . | . . . . . . Allies | -11 -10 -10 -10 -9 -8 -------- Run | Yrd Mat Min Exi Min Mat Total Allies . | . . . . . . Largest Group . | . . . . . . Highest-Rated Group . | . . . . . . Highest-Rated Ally . | . . . . . . Total Orders . | . . . . . . Ally Attacks . | . . . . . . Total Damage . | . . . . . . Kills . | . . . . . . Allies Corrupted . | . . . . . . Allies Melted . | . . . . . . Intel | -11 -10 -10 -10 -9 -8 ------- Run | Yrd Mat Min Exi Min Mat Robot Analysis Total . | . . . . . . Derelict Logs Recovered 1 | . . 1 . . . Drone Launches . | . . . . . . Drone Recoveries . | . . . . . . Exploration | -11 -10 -10 -10 -9 -8 ------------- Run | Yrd Mat Min Exi Min Mat Turns Passed 1506 | 130 497 339 441 35 64 Spaces Moved 881 | 56 293 174 290 25 43 Core 3 | 3 . . . . . Treads 764 | 53 293 174 244 . . Legs . | . . . . . . Wheels 114 | . . . 46 25 43 Hover . | . . . . . . Flight . | . . . . . . Fastest Speed 50 | 50 160 160 100 100 100 Average Speed 153 | 154 160 160 150 100 130 Slowest Speed 175 | 160 160 160 160 100 175 Overloaded Moves . | . . . . . . Propulsion Burnouts . | . . . . . . Robots Hopped . | . . . . . . Cave-ins Triggered . | . . . . . . Exploration Rate (%) 33 | 4 59 55 61 13 8 Regions Visited 5 Branch Regions 3 Pre-discovered Areas 1 | . . . 1 . . Known Exits Taken 2 | . 1 1 . . . Unknown Exits Taken 3 | 1 . . 1 1 . Scrap Searched 2 | . . 2 . . . Spaces Dug . | . . . . . . Terrain Destroyed 15 | . . 1 . 13 1 Melee . | . . . . . . Projectile 2 | . . 1 . . 1 AOE 13 | . . . . 13 . Terrain Rammed . | . . . . . . Walls Destroyed . | . . . . . . Machines Disabled . | . . . . . . Actions | -11 -10 -10 -10 -9 -8 --------- Run | Yrd Mat Min Exi Min Mat Total 979 | 77 323 202 295 31 51 Wait 20 | 1 9 7 . 3 . Move 876 | 55 292 173 289 24 43 Hop . | . . . . . . Pick Up 12 | 3 8 . 1 . . Fast Attach 11 | 7 3 . . . 1 Attach 6 | . . 2 1 . 3 Detach 4 | . 2 . . . 2 Swap 7 | . 2 1 2 1 1 Drop 9 | . 6 . 2 . 1 Fire 31 | 11 . 17 . 3 . Melee . | . . . . . . Ram . | . . . . . . Kick . | . . . . . . Crush 3 | . 1 2 . . . Escape Stasis . | . . . . . . Rewire . | . . . . . . Trap . | . . . . . . Miscellaneous . | . . . . . . Route ------- -11/Scrapyard -10/Materials (discovered 4 exits: [*Mat x3] / *Min) -10/Mines (discovered 2 exits: [*Mat] / *Exi) -10/Exiles -9/Mines -8/Materials History --------- Turn | Location | Event 4 | -11/Scrapyard | Discovered new exit (range 15) 131 | -11/Scrapyard | Entered Materials 288 | -10/Materials | Discovered new exit (range 18) 311 | -10/Materials | Build established: Mutant 345 | -10/Materials | Discovered new exit (range 16) 482 | -10/Materials | Identified exit to Mines 559 | -10/Materials | Discovered new exit (range 3) 628 | -10/Materials | Entered Mines 808 | -10/Mines | Identified exit to Exiles 903 | -10/Mines | Destroyed YI-UF0 919 | -10/Mines | Discovered new exit (range 16) 933 | -10/Mines | Lost 3 parts (1n2w) 961 | -10/Mines | Deemed a non-threat by the Exiles lab entrance 967 | -10/Mines | Entered Exiles 1011 | -10/Exiles | Met 8R-AWN 1035 | -10/Exiles | Met EX-HEX 1094 | -10/Exiles | Met EX-DEC 1105 | -10/Exiles | Learned location of Zion (-6) 1135 | -10/Exiles | Met EX-BIN 1158 | -10/Exiles | Aligned with FarCom system 1159 | -10/Exiles | Given EX-Vault access code 1196 | -10/Exiles | Opened EX-Vault 1210 | -10/Exiles | Found Prototype Ballistic Cannon 1246 | -10/Exiles | Warned to stay clear of 0b10 Research branches 1400 | -10/Exiles | Discovered new exit (range 10) 1408 | -10/Exiles | Left Exiles lab with AWS/Autocannon 1408 | -10/Exiles | Entered Mines 1426 | -9/Mines | Discovered new exit (range 15) 1443 | -9/Mines | Entered Materials 1443 | -8/Materials | Evolved 4 slots: Propulsion x1, Utility x2, Weapon x1 1451 | -8/Materials | Identified AWS/Autocannon 1507 | -8/Materials | Self-destructed Last Messages --------------- 01437_ K-01 Serf collects debris. 01437_ U-05 Engineer lays Concrete. 01439_ R-06 Scavenger collects Wheel. 01439_ U-05 Engineer builds a Wall. 01440_ K-01 Serf collects debris. 01441_ U-05 Engineer builds a Wall. PARAMETERS=PROPULSION+1,UTILITY+2,WEAPON+1 LOCATION=UNKNOWN GOAL=ESCAPE 01443_ Receiving FarCom transmissions... 01451_ Identified AWS/Autocannon. 01483_ K-01 Serf collects debris. 01486_ Acquired Imp. Light Armor Plating. 01493_ Dropped Ion Engine. 01495_ Destroyed Imp. Ion Engine. 01499_ Com. Wheel destroyed. 01499_ Destroyed Lgt. Treads. 01501_ Y-45 Defender destroyed. 01502_ Acquired 16 matter. 01505_ Acquired 10 matter. Map ----- +----------------------------------------------------+ | ???????????????????????????????????????????? | | ???????????????????????????????????????????? | | ???????????????????????????????????????????? | | ???????????????????????????????????????????? | | ???????????????????????????????????????????? | | ???????????????????????????????????????????? | | ???????????????????????????????????????????? | | ???????????????????????????????????????????? | | ???????????????????????????????????????????? | | ???????????????????????????????????????????? | | ????????????????????????????## ???? ##?????? | | ????????????????????????????## ???? ##?????? | | ???????????????? # ?????????## ???? ##?????? | | ???????????????? # ?????????## ? ##?????? | | ???????????????? # ?? ??## """" ##?????? | | ???????????????? # ??##+#??# """" ##?????? | | ????????????????## ### ###?? """" ######## | | ???????????????? # ### ###?? ######## | | ???????????????? # ##???[ /# # | | ???????????????? + ##???[ # """ # | | ???????????????? # ##???? * # """ # | | ???????????????? # """ #### # """ # | | ???????????????? # """ [ ######;+### # | | ???????????????? # """ # """ # | | ???????????????? + ! + """ !# | | ???????????????? # @ """ # """ # | | ???????????????? ########/## """ ## # | | ??????????Y????? #### # """ ## """ # | | ???????????????????## """ # ## """ # | | ???????????????????## """ # ## """ # | | ???????????????????## """ # """ ## [# | | ???????????????????## # """ ######### | | ???????????????????## * # """ ######### | | ???????????????????######### ##?????? | | ???????????????????######### ##?????? | | ??????????????????????????## ##?????? | | ??????????????????????????####### ##?????? | | ??????????????????????????####### ##?????? | | ???????????????????????????????#######?????? | | ???????????????????????????????#######?????? | | ???????????????????????????????????????????? | | ???????????????????????????????????????????? | | ???????????????????????????????????????????? | | ???????????????????????????????????????????? | | ???????????????????????????????????????????? | | ???????????????????????????????????????????? | | | | | | | | | +----------------------------------------------------+ Best States ------------- Heat Dissipation 31 Energy Generation 14 Energy Capacity 275 Matter Stores 300 Matter Capacity 300 Sight Range 16 Terrain Scan Density 10 Armor Coverage 150 Evasion (%) 40 Targeting Accuracy 5 Recoil Reduction 2 Item Schematics ----------------- None Robot Schematics ------------------ None Fabricated ------------ Nothing Alien Tech Used ----------------- None Achievements -------------- None Challenges ------------ None Game ------ Seed SlugLobotomyLegs Manual? 0 Play Time 00:12:51 Cumulative 104.7 hours Start 2024.05.15 @ 00:35:32 End 2024.05.15 @ 00:49:14 Sessions 1 Manual Loads 0 Difficulty Rogue Special Mode None Game No. 83 Rogue 44 Adventurer 32 Explorer 7 Win Type - Total 0 Types 0/0/0/0/0/0/0/0/0 Lore% 28 Gallery% 61 Achievement% 46 Wizard Run 0 Options --------- Layout 2 ASCII 0 Keyboard 0 Movement Numpad Keybinds 0 Fullscreen 2 Font 16/SmallcapsGlow Map View 50x44 Zoom Use 0% Tactical HUD 1 Map Filters NONE Filters NONE Steam SD RUN: 5fd1000e-03bb-448f-a491-791ca2da0dff